 Dungeon Crawl Stone Soup version 0.29.1-2-gbd0b4ee654 (webtiles) character file.

Game seed: 10002994106575396963

17833 Lutefisk the Nimble (level 12, -5/78 HPs)
             Began as an Octopode Transmuter on Nov 8, 2022.
             Was a High Priest of Hepliaklqana.
             Slain by a catoblepas (29 damage)
             ... on level 3 of the Lair of Beasts.
             The game lasted 01:02:16 (10590 turns).

Lutefisk the Nimble (Octopode Transmuter)          Turns: 10590, Time: 01:02:17

Health: -5/78      AC:  2    Str:  9    XL:     12   Next: 52%
Magic:  15/17      EV: 30    Int: 16    God:    Hepliaklqana [*****.]
Gold:   857        SH:  0    Dex: 22    Spells: 5/18 levels left

rFire   + . .      SeeInvis +     - Unarmed
rCold   x . .      Faith    .   (shield currently unavailable)
rNeg    + . .      Spirit   .   (helmet currently unavailable)
rPois   x          Reflect  .   (no amulet)
rElec   .          Harm     .   l - ring of see invisible
rCorr   +          Rampage  .   w - ring of wizardry
Will    .....                   D - ring of wizardry
Stlth   +++.......              E - ring of resist corrosion
HPRegen 0.23/turn               q - ring of fire
MPRegen 0.15/turn               G - ring of flight
                                O - ring of positive energy
                                (no ring)

@: spider-form, flying
A: venomous fangs, reduced essence, almost no armour, (amphibious), 8 rings,
tiny, (camouflage 1), (gelatinous body 1), (nimble swimmer 1), (tentacles)
a: End Transformation, Renounce Religion, Recall Ancestor, Ancestor Identity,
Transference, Idealise


You were on level 3 of the Lair of Beasts.
You worshipped Hepliaklqana.
Hepliaklqana was extremely pleased with you.
You were a venomous arachnid creature.
You visited 3 branches of the dungeon, and saw 14 of its levels.
You also visited: Bailey.

You collected 885 gold pieces.
You spent 28 gold pieces at shops.

Inventory:

Hand Weapons
 g - a +2 dagger of venom
 t - a +0 arbalest of freezing (melded)
Missiles
 b - 2 curare-tipped darts (quivered)
 p - 29 poisoned darts
 u - 8 boomerangs
 M - a throwing net
Armour
 A - an orb of wrath
Magical Staves
 y - a staff of air
 N - a staff of poison
Jewellery
 l - a ring of see invisible (left front leg)
 q - a ring of fire (on tentacle)
 w - a ring of wizardry (right front leg)
 D - a ring of wizardry (on tentacle)
 E - a ring of resist corrosion (on tentacle)
 G - a ring of flight (on tentacle)
 H - an amulet of magic regeneration
 O - a ring of positive energy (on tentacle)
Wands
 n - a wand of flame (6)
 J - a wand of paralysis (5)
Scrolls
 d - 2 scrolls of brand weapon
 e - a scroll of noise {unknown}
 f - 3 scrolls of enchant weapon
 h - a scroll of immolation {unknown}
 j - 3 scrolls of silence {unknown}
 k - 3 scrolls of amnesia
 m - 3 scrolls of blinking
 r - 11 scrolls of enchant armour
 v - 4 scrolls of teleportation
 F - 5 scrolls of magic mapping
 L - a scroll of vulnerability {unknown}
 T - 3 scrolls of summoning
Potions
 a - a potion of lignification
 c - 2 potions of flight
 o - a potion of ambrosia {unknown}
 s - 3 potions of heal wounds
 x - 3 potions of resistance
 z - 2 potions of haste
 B - 4 potions of magic {unknown}
 C - a potion of cancellation {unknown}
 I - 2 potions of attraction {unknown}
 K - 5 potions of curing
 P - a potion of might {unknown}
 Q - a potion of experience {unknown}
 R - a potion of mutation {unknown}
 S - 3 potions of brilliance {unknown}


   Skills:
 - Level 10.0 Fighting
 - Level 10.0 Dodging
 - Level 4.0 Stealth
 - Level 10.0 Unarmed Combat
 * Level 3.9 Spellcasting
 - Level 1.0 Conjurations
 - Level 9.0 Transmutations
 - Level 1.0 Ice Magic
 - Level 1.0 Air Magic
 - Level 2.0 Poison Magic
 * Level 4.0 Invocations
 * Level 4.0 Evocations


You had 5 spell levels left.
You knew the following spells:

 Your Spells              Type           Power      Damage    Failure   Level
a - Beastly Appendage     Tmut           62%        N/A       1%          1
b - Wereblood             Tmut           31%        N/A       1%          2
c - Spider Form           Tmut/Pois      20%        N/A       4%          3
d - Ice Form              Ice/Tmut       19%        N/A       13%         4
e - Mephitic Cloud        Conj/Pois/Air  7%         N/A       16%         3

Your spell library contained the following spells:

 Spells                   Type           Power      Damage    Failure   Level
 Freeze                   Ice            24%        1d5       8%          1
 Magic Dart               Conj           24%        1d4       8%          1
 Ignite Poison            Fire/Tmut/Pois 22%        N/A       8%          3
 Necrotise                Necr           12%        1d4       11%         1
 Slow                     Hex            12%        N/A       11%         1
 Summon Small Mammal      Summ           12%        N/A       11%         1
 Call Imp                 Summ           3%         N/A       14%         2
 Sublimation of Blood     Necr           3%         N/A       14%         2
 Petrify                  Tmut/Erth      17%        N/A       14%         4
 Frozen Ramparts          Ice            12%        1d2       17%         3
 Call Canine Familiar     Summ           3%         N/A       24%         3
 Confusing Touch          Hex            3%         N/A       24%         3
 Summon Guardian Golem    Hex/Summ       3%         N/A       24%         3
 Vampiric Draining        Necr           3%         2d6       24%         3
 Irradiate                Conj/Tmut      9%         3d14      28%         5
 Airstrike                Air            3%         2d(1-17)  43%         4
 Hailstorm                Conj/Ice       6%         3d4       43%         4
 Summon Lightning Spire   Summ/Air       4%         N/A       47%         4
 Freezing Cloud           Conj/Ice/Air   3%         6-21      73%         5
 Lightning Bolt           Conj/Air       3%         1d14      73%         5
 Agony                    Necr           3%         N/A       83%         5


Dungeon Overview and Level Annotations

Branches:
Dungeon (10/15)            Temple (1/1) D:4            Lair (3/5) D:10
 Shoals (0/4) Lair:2       Spider (0/4) Lair:3       Bailey (visited)
    Orc: D:9-12

Altars:
Ashenzari
Cheibriados
Dithmenos
Fedhas
Gozag
Hepliaklqana
Kikubaaqudgha
Makhleb
Nemelex Xobeh
Okawaru
Qazlal
Ru
Sif Muna
Trog
Uskayaw
Vehumet
Wu Jian
Xom
Yredelemnul
Zin

Shops:
D:7 ?

Annotations:
D:2 Sigmund
Temple 2 transporters


Innate Abilities, Weirdness & Mutations

You are a venomous arachnid creature.
You have poisonous fangs.
You are tiny and dextrous.
Your spellcasting is less reliable in this form.
Your armour is entirely melded.
You are incapable of wielding weapons or throwing items.
Your life essence is reduced to manifest your ancestor. (-10% HP)
You cannot wear most types of armour.
((You are amphibious.))
You can wear up to eight rings at the same time.
((Your skin changes colour to match your surroundings (Stealth+).))
((Your rubbery body absorbs attacks. (AC +1, EV +1)))
((You are camouflaged when in or above water. (Stealth+)))
((You have tentacles for arms and can constrict up to eight enemies at once.))


Message History

The blast of calcifying dust hits you!
Nindada completely misses the bullfrog.
The bullfrog closely misses you.
Casting: Spider Form (safe; 1% risk of failure)
Confirm with . or Enter, or press ? or * to list all spells.
You turn into a venomous arachnid creature.
Your +0 arbalest of freezing melds into your body.
Your +0 arbalest of freezing stops glowing.
The bullfrog closely misses you.
Nindada hits the bullfrog with a +0 quarterstaff!!
The bullfrog dies!
You hit the catoblepas.
The catoblepas is lightly wounded.
The catoblepas breathes a plume of calcifying dust at you.
The blast of calcifying dust hits you!
Unknown command.
Nindada hits the catoblepas with a +0 quarterstaff.
The catoblepas misses you.
You hit the catoblepas.
The catoblepas is lightly wounded.
Nindada hits the catoblepas with a +0 quarterstaff!
The catoblepas gores you!
You bite the catoblepas!
The catoblepas is poisoned.
The catoblepas is heavily wounded.
Nindada hits the catoblepas with a +0 quarterstaff.
The catoblepas completely misses you.
You hit the catoblepas but do no damage.
The catoblepas looks as sick as possible!
The catoblepas is heavily wounded.
Nindada hits the catoblepas with a +0 quarterstaff.
The catoblepas gores Nindada!!
You hit the catoblepas.
The catoblepas looks as sick as possible!
The catoblepas is heavily wounded.
Nindada hits the catoblepas with a +0 quarterstaff!!
You bite the catoblepas!
The catoblepas is almost dead.
The catoblepas gores you!!
The catoblepas attacks as you move away!
The catoblepas gores you!!
You die...

##....# #....# #...
#...# #... #....##
#...# ..#....# #...
##...### ##...#
.P##...###...
##.....###....##
..###....#P...
#.............P# ...##
#P... ##.............#
...#.. ##...
#........(....###......
#...
#....###...............
##... #....#
##.....Rs....... #....
#...##
##§§§.§Y......#.. ##...
#... #...#.#P...##....
##... #...
#...####....# ...##....
#...# ....# .....#...
#....P ....# .........
##... ...## .........
#... ... .........
.....#...


You could see the friendly Nindada the battlemage and a catoblepas (extremely
poisoned, ally target).

Vanquished Creatures
  2 two-headed ogres
  5 elephants
  A rime drake (Lair:3)
  A cane toad (Lair:3)
  2 komodo dragons (Lair:2)
  4 blink frogs
  A jumping spider (Lair:3)
  2 wyverns
  6 yaks
  4 water moccasins
  4 black bears
  4 orc warriors (Bailey)
  A sky beast (D:4)
  2 ice beasts
  3 centaurs
  A phantom (D:6)
  2 lemures (D:8)
  2 kobold brigands (D:7)
  A bullfrog (D:8)
  A scorpion (D:4)
  A necrophage (D:8)
  3 howler monkeys
  A hound (D:5)
  A jelly (D:8)
  7 orc priests
  A gnoll bouda (D:8)
  4 iguanas
  5 orc wizards
  13 gnolls
  4 adders
  6 shadow imps (D:5)
  4 white imps
  6 ufetubi
  3 worms
  2 dart slugs (D:1)
  27 orcs
  2 ball pythons
  5 endoplasms
  4 giant cockroaches
  8 goblins
  9 hobgoblins
  11 kobolds
  3 quokkas
  5 bats
  3 frilled lizards
  5 rats
192 creatures vanquished.

Vanquished Creatures (collateral kills)
  Nergalle (Lair:3)
  Pikel (D:8)
  A lindwurm (Lair:2)
  4 elephants
  A black mamba (Lair:3)
  A cyclops (D:9)
  An unseen horror (D:10)
  A cane toad (Lair:1)
  A komodo dragon (D:10)
  A troll (D:10)
  2 blink frogs (Lair:2)
  2 wyverns
  7 yaks
  2 steam dragons (D:8)
  An acid dragon (D:8)
  2 water moccasins
  4 orc warriors (Bailey)
  A sky beast (D:7)
  A black bear (D:5)
  A lemure (D:8)
  2 phantoms
  3 centaurs
  3 bullfrogs
  2 kobold brigands (D:8)
  A gnoll sergeant (D:9)
  3 wights (D:9)
  A quasit (D:5)
  A gnoll bouda (D:8)
  An orc priest (D:9)
  10 orc wizards
  5 gnolls
  2 adders
  2 shadow imps (D:5)
  5 white imps (D:5)
  2 ufetubi (D:5)
  A dart slug (D:5)
  37 orcs
  3 jackals (D:5)
  4 kobolds (D:7)
124 creatures vanquished.

Vanquished Creatures (others)
  10 battlemagi
  4 ancestors
  4 demonic plants (D:5)
  4 fungi
  8 plants
30 creatures vanquished.

Grand Total: 346 creatures vanquished

Notes
Turn   | Place    | Note
-------+----------+-------------------------------------------
     0 | D:1      | Lutefisk the Octopode Transmuter began the quest for the
                  | Orb.
     0 | D:1      | Reached XP level 1. HP: 13/13 MP: 3/3
    90 | D:1      | Reached XP level 2. HP: 18/18 MP: 5/5
   221 | D:1      | Reached XP level 3. HP: 15/24 MP: 4/6
   292 | D:2      | Learned a level 2 spell: Wereblood
   296 | D:2      | Learned a level 3 spell: Spider Form
   362 | D:2      | Noticed Sigmund
   435 | D:2      | Found a faded altar of an unknown god.
   729 | D:2      | Reached skill level 1 in Poison Magic
   729 | D:2      | Reached XP level 4. HP: 12/30 MP: 5/7
  1398 | D:3      | Reached XP level 5. HP: 20/36 MP: 4/8
  1913 | D:4      | Noticed a sky beast
  2042 | D:4      | Found a staircase to the Ecumenical Temple.
  2048 | Temple   | Entered the Ecumenical Temple
  2048 | Temple   | Found a transporter.
  2048 | Temple   | Found a transporter.
  2050 | Temple   | Found a transporter.
  2050 | Temple   | Found a transporter.
  2064 | Temple   | Became a worshipper of Hepliaklqana the Forgotten
  2556 | D:4      | Found a bloodstained altar of Trog.
  2826 | D:4      | Reached XP level 6. HP: 42/42 MP: 9/9
  2890 | D:5      | Entered Level 5 of the Dungeon
  2890 | D:5      | Noticed a black bear
  2890 | D:5      | Reached * piety under Hepliaklqana
  2941 | D:4      | Identified the +5 leather armour of the Foremost Beds
                  | {Str+4}
  3062 | D:5      | Reached XP level 7. HP: 32/43 MP: 10/10
  4220 | D:6      | Reached skill level 5 in Fighting
  4220 | D:6      | Reached skill level 5 in Unarmed Combat
  4295 | D:6      | Reached XP level 8. HP: 49/49 MP: 7/11
  4385 | D:6      | Reached skill level 5 in Dodging
  4594 | D:6      | Reached skill level 1 in Invocations
  4594 | D:6      | Reached skill level 1 in Evocations
  4766 | D:5      | Reached skill level 5 in Transmutations
  4877 | D:6      | Learned a level 4 spell: Ice Form
  4919 | D:6      | Reached skill level 1 in Ice Magic
  5171 | D:5      | HP: 3/61 [orc priest/+0 hand axe (4)]
  5341 | D:5      | Reached XP level 9. HP: 18/55 MP: 12/12
  6011 | D:7      | Reached ** piety under Hepliaklqana
  6012 | D:7      | Remembered your ancestor Nindada as a battlemage
  6226 | D:7      | Found Yzudd's Magic Scroll Emporium.
  6229 | D:7      | Bought a scroll of identify for 28 gold pieces
  6811 | D:8      | Reached XP level 10. HP: 47/63 MP: 6/13
  7266 | D:8      | Noticed Pikel
  7276 | D:8      | Killed Pikel
  7313 | D:8      | Found a snail-covered altar of Cheibriados.
  7512 | D:8      | Reached *** piety under Hepliaklqana
  7965 | D:9      | Found a flagged portal.
  8014 | D:9      | Noticed a cyclops
  8018 | D:9      | Killed a cyclops
  8068 | D:9      | Noticed a two-headed ogre
  8086 | D:9      | Killed a two-headed ogre
  8115 | Bailey   | Entered a bailey
  8393 | Bailey   | Reached XP level 11. HP: 54/69 MP: 14/14
  8471 | D:10     | Entered Level 10 of the Dungeon
  8471 | D:10     | Noticed a two-headed ogre
  8480 | D:10     | Killed a two-headed ogre
  8710 | D:10     | Found a staircase to the Lair.
  8886 | D:10     | Reached **** piety under Hepliaklqana
  8907 | D:10     | Found a glowing silver altar of Zin.
  9001 | Lair:1   | Entered Level 1 of the Lair of Beasts
  9312 | Lair:1   | Reached skill level 1 in Stealth
  9338 | Lair:1   | Reached ***** piety under Hepliaklqana
  9558 | Lair:2   | Found a staircase to the Shoals.
  9643 | Lair:2   | Noticed a lindwurm
  9647 | Lair:2   | Killed a lindwurm
  9690 | Lair:2   | Reached skill level 10 in Dodging
  9781 | Lair:2   | Reached XP level 12. HP: 45/78 MP: 12/15
  9823 | Lair:2   | Reached skill level 10 in Fighting
 10138 | Lair:3   | Reached skill level 10 in Unarmed Combat
 10277 | Lair:3   | Learned a level 3 spell: Mephitic Cloud
 10343 | Lair:3   | Found a hole to the Spider Nest.
 10367 | Lair:3   | Noticed Nergalle
 10378 | Lair:3   | Killed Nergalle
 10379 | Lair:3   | Reached skill level 1 in Conjurations
 10379 | Lair:3   | Reached skill level 1 in Air Magic
 10575 | Lair:3   | Noticed a catoblepas
 10590 | Lair:3   | Slain by a catoblepas

Illustrated notes

Levels and vault maps discovered:
D:1:      lemuel_arrival_broad_hall, layout_loops_ring, kennysheep_boxes
D:2:      layout_loops_ring, hellmonk_ecumenical_altar_pennies_from_heaven,
          uniq_sigmund
D:3:      layout_loops_ring
D:4:      layout_basic, bloody_trog, minmay_temple_entry_trees, fountainhead
D:5:      layout_basic, serial_demonic, serial_demonic_a, serial_demonic_e,
          serial_demonic_b, serial_demonic_c, serial_demonic_a,
          serial_demonic_a, serial_demonic_b, nicolae_fountain_basement
D:6:      layout_basic
D:7:      layout_gridville, serial_shops, nicolae_shop_hallway_stairs,
          serial_glass, glass_columns_b, glass_columns_a, due_unseen_surprise,
          feat_on_display, minmay_strange_pillars, lightli_orcish_oven
D:8:      minmay_four_partial_circles, layout_loops_ring,
          cheibrodos_worm_habitat, minmay_crystal_room, item_on_display_a,
          uniq_pikel
D:9:      layout_roguey, enter_bailey_8
D:10:     layout_cross, zin_statuary, lair_entry_dummy
Temple:   hellmonk_temple_divided_pantheon
Lair:1:   layout_cave_shapes
Lair:2:   layout_roguey, elwin_shoals_entry_rocks
Lair:3:   layout_long_grid, spider_nest_entry_a, serial_bayou_shore_a,
          infiniplex_staircase_pool_2, uniq_nergalle

Skill      XL: |  1  2  3  4  5  6  7  8  9 10 11 12 |
---------------+-------------------------------------+-----
Fighting       | 2 3 4 5 6 7 8 9 10 | 10.0
Poison Magic   | 1 2 |  2.0
Unarmed Combat | 4 5 6 8 9 10 | 10.0
Transmutations | 3 4 5 6 7 8 9 |  9.0
Dodging        | 3 4 5 6 8 10 | 10.0
Invocations    | 2 4 |  4.0
Evocations     | 2 3 4 |  4.0
Ice Magic      | 1 |  1.0
Stealth        | 4 |  4.0
Spellcasting   | 3 |  3.9
Conjurations   | 1 |  1.0
Air Magic      | 1 |  1.0

Action                   |  1- 3 |  4- 6 |  7- 9 | 10-12 || total
-------------------------+-------+-------+-------+-------++-------
Melee: Unarmed           |    59 |    24 |   183 |   196 ||   462
       Constrict         |    19 |    17 |    15 |       ||    51
       Tentacles         |    12 |    11 |    18 |       ||    41
       Kick              |    10 |     8 |     2 |       ||    20
       Dagger            |     9 |    55 |    62 |       ||   126
       Punch             |     1 |     1 |     2 |       ||     4
 Fire: Arbalest          |       |       |    12 |    89 ||   101
Throw: Dart              |       |     8 |    10 |     1 ||    19
       Javelin           |       |     1 |       |       ||     1
 Cast: Beastly Appendage |     7 |     9 |     2 |       ||    18
       Spider Form       |     1 |     4 |    21 |    28 ||    54
       Ice Form          |       |       |     5 |     4 ||     9
       Wereblood         |       |       |     1 |       ||     1
Invok: Recall Ancestor   |       |       |     3 |     3 ||     6
       Ancestor Life: Ba |       |       |     1 |       ||     1
 Abil: End Transformatio |       |       |     2 |    12 ||    14
Evoke: Wand              |       |       |     2 |       ||     2
  Use: Potion            |       |       |     3 |       ||     3
       Scroll            |       |       |     5 |     6 ||    11
 Stab: Sleeping          |     6 |     7 |     5 |       ||    18
       Distracted        |       |     2 |       |     3 ||     5
Armor: Skin              |     1 |     2 |    15 |    11 ||    29
Dodge: Dodged            |    26 |    46 |   268 |   212 ||   552
